 Dungeon Crawl Stone Soup version 0.32-a0-953-g508020473e (webtiles) character file.

Game seed: 13476602611624131900

2187 dialectric the Basher (level 9, -13/81 HPs)
             Began as a Minotaur Fighter on Apr 17, 2024.
             Killed from afar by a gargoyle (17 damage)
             ... with a stone arrow
             ... on level 8 of the Dungeon.
             The game lasted 00:07:31 (7601 turns).

dialectric the Basher (Minotaur Fighter)            Turns: 7601, Time: 00:07:31

Health: -13/81     AC: 12    Str: 25    XL:     9   Next: 11%
Magic:  8/8        EV: 15    Int:  5    God:
Gold:   416        SH:  0    Dex: 10    Spells: 8/8 levels left

rFire   . . .        d - +2 mace (holy)
rCold   . . .        (no shield)
rNeg    . . .        b - +0 scale mail
rPois   .            G - +1 hat
rElec   .            A - +0 cloak
rCorr   .            (no gloves)
SInv    +            x - +1 pair of boots
Will    .....        (no amulet) Stlth
                     y - +5 ring of evasion
HPRegen 0.33/turn    q - ring of see invisible
MPRegen 0.11/turn

%: no passive effects
@: no status effects
A: horns 2, retaliatory headbutt
a: no special abilities


You were on level 8 of the Dungeon.
You visited 1 branch of the dungeon, and saw 8 of its levels.
You also visited: Bailey.

You collected 416 gold pieces.

Inventory:

Hand Weapons
 a - a +0 flail of flaming
 d - a +2 mace of holy wrath (weapon)
 H - a +2 whip of venom
 L - a +2 flail of venom
Missiles
 o - a poisoned dart
 z - 2 throwing nets
 C - 6 silver javelins
 F - a curare-tipped dart
Armour
 b - a +0 scale mail (worn)
 c - a +0 buckler
 x - a +1 pair of boots (worn)
 A - a +0 cloak (worn)
 G - a +1 hat (worn)
Jewellery
 j - a ring of resist corrosion
 l - a ring of protection from cold
 q - a ring of see invisible (right hand)
 y - a +5 ring of evasion (left hand)
Talismans
 J - a granite talisman
Scrolls
 g - a scroll of enchant armour
 h - a scroll of summoning
 r - 2 scrolls of identify
 s - 3 scrolls of brand weapon
 t - a scroll of vulnerability
 u - 3 scrolls of teleportation {unknown}
 E - a scroll of poison {unknown}
 K - a scroll of immolation {unknown}
Potions
 e - a potion of heal wounds
 f - 2 potions of haste
 i - 4 potions of curing
 k - a potion of ambrosia {unknown}
 m - a potion of enlightenment
 n - a potion of resistance
 p - 4 potions of lignification
 v - 2 potions of cancellation
 B - a potion of brilliance {unknown}
 D - a potion of attraction {unknown}
 I - a potion of invisibility {unknown}


   Skills:
 + Level 8.1 Fighting
 * Level 9.5 Maces & Flails
 + Level 8.1 Armour
 - Level 3.3 Dodging
 - Level 4.0 Shields


You had 8 spell levels left.
You didn't know any spells.
Your spell library contained the following spells:

 Spells                   Type           Power      Damage    Failure   Level
 Apportation              Tloc           0%         N/A       75%         1
 Ensorcelled Hibernation  Hex/Ice        0%         N/A       86%         2
 Jinxbite                 Hex            0%         N/A       86%         2
 Passwall                 Erth           0%         N/A       98%         3
 Swiftness                Air            0%         N/A       98%         3
 Passage of Golubria      Tloc           0%         N/A       100%        4
 Alistair's Intoxication  Alch           0%         N/A       100%        5
 Silence                  Hex/Air        0%         N/A       100%        5
 Lehudib's Crystal Spear  Conj/Erth      0%         10d2      100%        8


Dungeon Overview and Level Annotations

Branches:
Dungeon (8/15)             Temple (0/1) D:4          Bailey (visited)
   Lair: D:8-11

Altars:

Shops:
D:1 *


Innate Abilities, Weirdness & Mutations

You have a pair of horns on your head.
You reflexively headbutt those who attack you in melee.


Message History

The gargoyle is lightly damaged.
The gargoyle hits you with a +0 flail.
You closely miss the gargoyle.
You headbutt the gargoyle, but do no damage.
The gargoyle is lightly damaged.
The gargoyle hits you with a +0 flail!
You sock the gargoyle!
The gargoyle is moderately damaged.
The gargoyle hurls a stone arrow at you.
The stone arrow misses you.
You hit the gargoyle but do no damage. You headbutt the gargoyle.
The gargoyle is heavily damaged.
The gargoyle hurls a stone arrow at you.
The stone arrow hits you!!
* * * LOW HITPOINT WARNING * * *
You are too injured to fight recklessly!
You are too injured to fight recklessly!
You are too injured to fight recklessly!
You are too injured to fight recklessly!
You are too injured to fight recklessly!
You are too injured to fight recklessly!
You are too injured to fight recklessly!
You hit the gargoyle.
The gargoyle is severely damaged.
The gargoyle closely misses you.
You hit the gargoyle but do no damage.
You headbutt the gargoyle, but do no damage.
The gargoyle is severely damaged.
The gargoyle hits you with a +0 flail!
* * * LOW HITPOINT WARNING * * *
You closely miss the gargoyle.
The gargoyle is severely damaged.
The gargoyle hits you with a +0 flail.
* * * LOW HITPOINT WARNING * * *
You hit the gargoyle but do no damage.
You headbutt the gargoyle, but do no damage.
The gargoyle is severely damaged.
The gargoyle hurls a stone arrow at you.
The stone arrow hits you!
You die...

#######.######
######.#...
...).........#
#.##..
###..##.####.##
#.###. #. #.##
.#. #.# ## #
#..## .. #.###.
#...# .# #....#
##.###.# #####.
#.....## ##
####@..#
########
#.9[)....
........
#...#.##.
######## #...#
# #.... .^..#.
#...#.# #...# #


You could see a gargoyle.

Vanquished Creatures
  A wyvern (D:7)
  Menkaure (D:5)
  Pargi (D:3)
  An ogre (D:5)
  3 centaurs
  A phantom (D:6)
  A kobold brigand (D:7)
  4 bullfrogs
  2 scorpions
  An electric eel (D:7)
  A howler monkey (D:6)
  3 bombardier beetles
  2 orc priests (D:7)
  Crazy Yiuf (D:4)
  4 gnoll boudas
  A hound (D:6)
  Natasha (thrice) (D:3)
  2 sleepcaps
  An orc wizard (D:7)
  19 gnolls
  12 adders
  3 shadow imps
  3 dart slugs
  A ribbon worm (D:2)
  13 orcs
  7 endoplasms
  3 giant cockroaches
  13 goblins
  3 hobgoblins
  5 jackals
  2 quokkas
  6 ball pythons
  2 bats
  A frilled lizard (D:2)
  11 kobolds
  2 rats (D:3)
140 creatures vanquished.

Vanquished Creatures (others)
  An orc wizard (D:3)
1 creature vanquished.

Grand Total: 141 creatures vanquished

Notes
Turn   | Place    | Note
-------+----------+-------------------------------------------
     0 | D:1      | dialectric the Minotaur Fighter began the quest for the
                  | Orb.
     0 | D:1      | Reached XP level 1. HP: 19/19 MP: 0/0
   180 | D:1      | Found Karahunk's Assorted Antiques.
   319 | D:1      | Reached XP level 2. HP: 23/27 MP: 1/1
   985 | D:2      | Reached skill level 3 in Maces & Flails
  1121 | D:2      | Reached XP level 3. HP: 30/33 MP: 2/2
  1772 | D:3      | Noticed Pargi
  1779 | D:3      | Noticed Natasha
  1794 | D:3      | Killed Natasha
  1795 | D:3      | Reached skill level 1 in Dodging
  1795 | D:3      | Reached XP level 4. HP: 28/41 MP: 3/3
  1797 | D:3      | Killed Pargi
  1798 | D:3      | Reached XP level 5. HP: 31/47 MP: 4/4
  1806 | D:3      | Reached skill level 4 in Maces & Flails
  1898 | D:3      | Noticed Natasha
  1904 | D:3      | Killed Natasha
  1905 | D:3      | Reached skill level 5 in Fighting
  1905 | D:3      | Reached skill level 5 in Armour
  1949 | D:3      | Found a faded altar of an unknown god.
  1961 | D:3      | Noticed Natasha
  1973 | D:3      | Killed Natasha
  1984 | D:3      | Reached XP level 6. HP: 36/56 MP: 5/5
  2792 | D:4      | Found a runed translucent door.
  2793 | D:4      | Noticed Crazy Yiuf
  2890 | D:4      | Found a staircase to the Ecumenical Temple.
  3374 | D:3      | Identified the +1 chain mail of Vacoan {rElec Will+}
  3438 | D:3      | Reached XP level 7. HP: 55/62 MP: 6/6
  3440 | D:3      | Reached skill level 5 in Maces & Flails
  3715 | D:4      | Killed Crazy Yiuf
  3752 | D:5      | Entered Level 5 of the Dungeon
  3804 | D:5      | Noticed Menkaure
  3808 | D:5      | Killed Menkaure
  3931 | D:5      | Reached skill level 6 in Maces & Flails
  4973 | D:6      | Reached skill level 7 in Maces & Flails
  4973 | D:6      | Reached XP level 8. HP: 66/71 MP: 5/7
  5585 | D:6      | Reached skill level 8 in Maces & Flails
  6238 | D:7      | Reached skill level 9 in Maces & Flails
  6254 | D:7      | Reached XP level 9. HP: 48/81 MP: 8/8
  6777 | D:8      | Found a flagged portal.
  6839 | Bailey   | Entered a bailey
  6926 | Bailey   | Noticed an orc knight
  6929 | Bailey   | HP: 2/81 [orc warrior/+0 spear (14)]
  6931 | Bailey   | Noticed an orc knight
  6943 | Bailey   | HP: 3/81 [orc warrior/+0 halberd (10)]
  7586 | D:8      | Noticed a gargoyle
  7600 | D:8      | HP: 4/81 [gargoyle/+0 flail (3)]
  7601 | D:8      | Killed from afar by a gargoyle

Illustrated notes

Levels and vault maps discovered:
D:1:      roderic_octagonal_star, layout_loops_corners, serial_shops,
          nicolae_shop_stone, hangedman_decor_push, minmay_split_cup_small
D:2:      minmay_inner_zag, layout_loops_cross, st_stairs_7
D:3:      layout_rooms, ebering_ecumenical_altar_petrified,
          minmay_misc_feat_four_crosses, kennysheep_generic_room_9, uniq_pargi,
          uniq_natasha
D:4:      layout_loops_ring, minmay_temple_entry_enclosed_plants,
          uniq_crazy_yiuf_cottage
D:5:      layout_loops_corners, uniq_menkaure
D:6:      layout_cave_pods
D:7:      layout_loops_ring, serial_bayou_lake_a
D:8:      layout_loops_ring, kennysheep_orc_sif_temple, enter_bailey_3,
          uniq_prince_ribbit1

Skill      XL: |  1  2  3  4  5  6  7  8  9 |
---------------+----------------------------+-----
Fighting       | 4 5 6 8 |  8.1
Maces & Flails | 3 4 7 9 |  9.5
Armour         | 4 5 6 7 8 |  8.1
Shields        | 4 |  4.0
Dodging        | 1 2 3 |  3.3

Action                     |  1- 3 |  4- 6 |  7- 9 || total
---------------------------+-------+-------+-------++-------
  Melee: Flail             |    68 |    16 |       ||    84
         Headbutt          |    11 |    14 |    41 ||    66
         Mace              |       |   102 |   187 ||   289
  Throw: Dart              |       |       |     8 ||     8
    Use: Potion            |     4 |       |     2 ||     6
         Scroll            |       |     1 |     9 ||    10
 Armour: Scale mail        |    67 |   126 |   125 ||   318
  Dodge: Dodged            |    32 |    78 |   188 ||   298

Table legend: (Time is in decaauts)
 A = Elapsed time spent in this place.
 B = Non-inter-level travel time spent in this place.
 C = Inter-level travel time spent in this place.
 D = Time resting spent in this place.
 E = Time spent auto-exploring this place.
 F = Levels seen in this place.
 G = Mean time per level.
                   A        B        C        D        E       F      G
               +--------+--------+--------+--------+--------+-----+--------+
         Total |   7642 |   7480 |    162 |    875 |   5425 |   9 |  849.1 |
       Dungeon |   7556 |   7394 |    162 |    875 |   5394 |   8 |  944.5 |
        Bailey |     86 |     86 |      0 |      0 |     31 |   1 |   86.0 |
               +--------+--------+--------+--------+--------+-----+--------+

Top non-repeatable levels by time:
     D:4: 1254 daAuts
     D:7: 1099 daAuts
     D:5: 1043 daAuts
     D:1: 882 daAuts
     D:6: 864 daAuts
     D:2: 842 daAuts
     D:3: 812 daAuts
     D:8: 757 daAuts
  Bailey: 86 daAuts
